 Dungeon Crawl Stone Soup version 0.29-a0-643-ga013cefcf8 (webtiles) character file.

Game seed: 4109557566065103236

133 dolemite99 the Twirler (level 4, 0/33 HPs)
             Began as a Demonspawn Gladiator on June 20, 2022.
             Was an Initiate of Yredelemnul.
             Slain by a gnoll
             ... wielding a +0 halberd
              (7 damage)
             ... on level 3 of the Dungeon.
             The game lasted 00:02:54 (3522 turns).

dolemite99 the Twirler (Demonspawn Gladiator)       Turns: 3522, Time: 00:02:55

Health: 0/33       AC: 11    Str: 16    XL:     4   Next: 94%
Magic:  4/4        EV:  7    Int:  9    God:    Yredelemnul [......]
Gold:   177        SH:  0    Dex: 15    Spells: 3/3 levels left

rFire   . . .      SeeInvis .   a - +0 quarterstaff
rCold   . . .      Faith    .   (shield currently unavailable)
rNeg    . . .      Spirit   .   t - +0 chain mail
rPois   .          Reflect  .   c - +0 helmet
rElec   .          Harm     .   p - +0 cloak
rCorr   +          Rampage  .   (no gloves)
Will    .....                   (no boots)
Stlth   ..........              (no amulet)
HPRegen 0.11/turn               i - ring of resist corrosion
MPRegen 0.09/turn               (no ring)

@: hasted, very quick
A: rugged brown scales 1, demonic touch 1
a: Renounce Religion, Recall Undead Harvest


You were on level 3 of the Dungeon.
You worshipped Yredelemnul.
Yredelemnul was noncommittal.
You visited 1 branch of the dungeon, and saw 3 of its levels.

You collected 177 gold pieces.

Inventory:

Hand Weapons
 a - a +0 quarterstaff (weapon)
 b - a +0 morningstar
Missiles
 d - 3 throwing nets (quivered)
 e - a javelin
Armour
 c - a +0 helmet (worn)
 k - a +0 ring mail
 m - a +0 leather armour
 n - a +0 scale mail
 p - a +0 cloak (worn)
 t - a +0 chain mail (worn)
Jewellery
 i - a ring of resist corrosion (left hand)
Scrolls
 f - a scroll of magic mapping {unknown}
 g - a scroll of enchant armour {unknown}
 j - a scroll of enchant weapon {unknown}
 o - a scroll of blinking {unknown}
 r - a scroll of silence {unknown}
 s - a scroll of teleportation {unknown}
Potions
 h - a potion of degeneration {unknown}
 u - a potion of cancellation {unknown}
 v - a potion of magic {unknown}


   Skills:
 - Level 2.1 Fighting
 + Level 5.0 Staves
 - Level 1.9 Throwing
 - Level 2.7 Dodging


You had 3 spell levels left.
You didn't know any spells.
Your spell library contained the following spells:

 Spells                   Type           Power      Damage    Failure   Level
 Sting                    Tmut/Pois      0%         1d3       100%        1
 Poisonous Vapours        Pois/Air       0%         N/A       100%        2
 Frozen Ramparts          Ice            0%         1d2       100%        3
 Stone Arrow              Conj/Erth      0%         3d7       100%        3
 Animate Armour           Summ/Erth      0%         N/A       100%        4
 Ice Form                 Ice/Tmut       0%         N/A       100%        4
 Olgreb's Toxic Radiance  Pois           0%         N/A       100%        4
 Summon Ice Beast         Ice/Summ       0%         N/A       100%        4
 Summon Forest            Summ/Tloc      0%         N/A       100%        5
 Eringya's Noxious Bog    Tmut/Pois      0%         N/A       100%        6
 Summon Hydra             Summ           0%         N/A       100%        7
 Lehudib's Crystal Spear  Conj/Erth      0%         10d2      100%        8


Dungeon Overview and Level Annotations

Branches:
Dungeon (3/15)

Altars:
Yredelemnul


Innate Abilities, Weirdness & Mutations

You are partially covered in rugged brown scales. (AC +1, +3% HP)
Your touch may inflict minor irresistible damage on your foes.


Message History

Things that are here:
3 stones; a +0 dagger
There is an escape hatch in the ceiling here.
A mysterious force pulls you upwards. The hatch slams shut behind you.
Your extra speed is starting to run out.
You start resting.
You feel yourself slow down.
You start resting.
You start resting.
HP restored.
You start waiting.
You start waiting.
Done waiting.
There is a stone staircase leading down here.
Done exploring.
Done exploring.
You climb downwards.
There is a stone staircase leading up here.
g - a scroll labelled HEUHAC WOLUTT No target in view!
Key pressed, stopping explore.
No target in view!
You see here a +0 dagger.
The gnoll shouts!
A gnoll is nearby!
A gnoll is nearby!
The gnoll shouts!
There are monsters nearby!
The gnoll hits you with a +0 flail.
You thump the gnoll!
The gnoll is severely wounded.
The gnoll hits you with a +0 flail. The gnoll hits you with a +0 halberd.
The gnoll hits you with a +0 flail.
You hit the gnoll but do no damage. The gnoll hits you with a +0 halberd.
The gnoll hits you with a +0 flail!
* * * LOW HITPOINT WARNING * * *
You are too injured to fight recklessly!
You feel yourself speed up. The gnoll hits you with a +0 halberd!
You die...
Your body rises from the dead as a mindless zombie.

########## ##...##...##
##### ##<......>..##
#####....
#............#######.()..###
#...........g##......##### #
#..(......g@....###### #
##<.........#...##
##...##...####).# ###.###.##
##.# #.# #... #.#########
##.# ###.. #.........# #..#
#.# #########.# #..## ..#
#.# ##..# .# #.###


You could see 2 gnolls.

Vanquished Creatures
  2 gnolls (D:3)
  An adder (D:2)
  3 endoplasms (D:1)
  A giant cockroach (D:1)
  4 goblins
  2 hobgoblins
  A jackal (D:3)
  A ball python (D:1)
  3 bats
  4 frilled lizards
  2 kobolds
  5 rats
29 creatures vanquished.

Vanquished Creatures (collateral kills)
  A phantom (D:3)
  A bat (D:3)
  A goblin (D:3)
  A hobgoblin (D:3)
  A jackal (D:3)
  A quokka (D:3)
6 creatures vanquished.

Vanquished Creatures (others)
  A scorpion zombie (D:3)
  An adder zombie (D:3)
  A bat zombie (D:3)
  A gnoll zombie (D:3)
  A ball python zombie (D:3)
  2 goblin zombies (D:3)
  A hobgoblin zombie (D:3)
  2 jackal zombies (D:3)
10 creatures vanquished.

Grand Total: 45 creatures vanquished

Notes
Turn   | Place    | Note
-------+----------+-------------------------------------------
     0 | D:1      | dolemite99 the Demonspawn Gladiator began the quest for the
                  | Orb.
     0 | D:1      | Reached XP level 1. HP: 16/16 MP: 1/1
   682 | D:1      | Reached skill level 3 in Staves
   682 | D:1      | Gained mutation: You are partially covered in rugged brown
                  | scales. (AC +1, +3% HP) [demonic ancestry]
   682 | D:1      | Reached XP level 2. HP: 14/22 MP: 2/2
  1866 | D:2      | Gained mutation: Your touch may inflict minor irresistible
                  | damage on your foes. [demonic ancestry]
  1866 | D:2      | Reached XP level 3. HP: 12/27 MP: 3/3
  2542 | D:3      | Found a faded altar of an unknown god.
  2575 | D:3      | Prayed at the altar of an unknown god.
  2575 | D:3      | Became a worshipper of Yredelemnul the Dark
  2575 | D:3      | Reached * piety under Yredelemnul
  2672 | D:3      | Noticed a phantom
  2676 | D:3      | Reached ** piety under Yredelemnul
  2703 | D:3      | Killed a phantom
  2704 | D:3      | Reached skill level 4 in Staves
  2704 | D:3      | Reached XP level 4. HP: 24/33 MP: 4/4
  2992 | D:3      | Reached skill level 5 in Staves
  3522 | D:3      | Slain by a gnoll

Illustrated notes

Levels and vault maps discovered:
D:1:      eino_arrival_cavern_b, layout_basic
D:2:      layout_basic
D:3:      layout_rooms, chequers_ecumenical_altar_island

Skill      XL: |  1  2  3  4 |
---------------+-------------+-----
Staves         | 3 4 5 |  5.0
Fighting       | |  2.1
Throwing       | |  1.9
Dodging        | |  2.7

Action                   |  1- 3 |  4- 6 || total
-------------------------+-------+-------++-------
Melee: Quarterstaff      |    67 |    16 ||    83
  Use: Potion            |       |     3 ||     3
       Scroll            |       |     1 ||     1
 Stab: Sleeping          |     1 |       ||     1
Armor: Leather armour    |     8 |       ||     8
       Ring mail         |     2 |       ||     2
       Scale mail        |     4 |       ||     4
       Chain mail        |    23 |    53 ||    76
Dodge: Dodged            |    26 |    32 ||    58

Table legend: (Time is in decaauts)
 A = Elapsed time spent in this place.
 B = Non-inter-level travel time spent in this place.
 C = Inter-level travel time spent in this place.
 D = Time resting spent in this place.
 E = Time spent auto-exploring this place.
 F = Levels seen in this place.
 G = Mean time per level.
                   A        B        C        D        E       F      G
               +--------+--------+--------+--------+--------+-----+--------+
         Total |   3523 |   3378 |    145 |   1192 |   1710 |   3 | 1174.3 |
       Dungeon |   3523 |   3378 |    145 |   1192 |   1710 |   3 | 1174.3 |
               +--------+--------+--------+--------+--------+-----+--------+

Top non-repeatable levels by time:
     D:2: 1725 daAuts
     D:1: 1203 daAuts
     D:3: 594 daAuts
